 Dungeon Crawl Stone Soup version 0.31-a0-810-ga77100ea1a (webtiles) character file.

Game seed: 15714653046786536897

923 LeprechaunX the Changeling (level 8, -1/54 HPs)
             Began as an Octopode Shapeshifter on Sept 21, 2023.
             Was a Priest of Nemelex Xobeh.
             Slain by a kobold
             ... wielding a +0 short sword
              (4 damage)
             ... on level 6 of the Dungeon.
             The game lasted 00:07:12 (4309 turns).

LeprechaunX the Changeling (Octopode Shapeshifter)  Turns: 4309, Time: 00:07:13

Health: -1/54      AC:  1    Str: 16    XL:     8   Next: 10%
Magic:  28/28      EV: 14    Int: 12    God:    Nemelex Xobeh [***...]
Gold:   279        SH:  0    Dex: 11    Spells: 7/7 levels left

rFire   . .          .
                       - Unarmed
rCold   x . .        (no shield)
rNeg    . . .        (helmet currently unavailable)
rPois   +            (no amulet)
rElec   .            g - ring of magical power
rCorr   .            h - ring of Fasioheg {Drain Fly rPois MP+9}
SInv    .            (no ring)
Will    .....        (no ring)
Stlth   ++           (no ring)
HPRegen 0.29/turn    (no ring)
MPRegen 0.21/turn    (no ring)
                     (no ring)

%: no passive effects
@: beast-form, flying
A: beast (slay +3), almost no armour, amphibious, 8 rings, camouflage 1,
gelatinous body 1, (nimble swimmer 1), tentacles, tentacle spike 1, cold
vulnerability 1
a: Begin Untransformation, Renounce Religion, Draw Escape, Draw Destruction,
Draw Summoning, Triple Draw


You were on level 6 of the Dungeon.
You worshipped Nemelex Xobeh.
Nemelex Xobeh was most pleased with you.
You were a hulking beast.
You visited 1 branch of the dungeon, and saw 6 of its levels.

You collected 279 gold pieces.

Inventory:

Missiles
 x - 5 atropa-tipped darts
Jewellery
 g - a ring of magical power (left tentacle)
 h - the ring of Fasioheg (right tentacle) {Drain Fly rPois MP+9}
   (You found it on level 2 of the Dungeon)

   [ring of flight]

   rPois:     It protects you from poison MP+9: It affects your magic capacity
   (+9).
   Fly:       It grants you flight.
   Drain:     It drains your maximum health when unequipped.
 q - an amulet of faith
Talismans
 b - a beast talisman (active)
 c - a flux talisman
 l - a serpent talisman
Wands
 p - a wand of polymorph (10)
 z - a wand of charming (10)
Scrolls
 d - 5 scrolls of revelation {unknown}
 j - a scroll of teleportation {unknown}
 m - a scroll of torment {unknown}
 o - 2 scrolls of poison {unknown}
 r - 3 scrolls of identify {unknown}
 t - a scroll of fog {unknown}
 u - a scroll of amnesia {unknown}
 y - a scroll of silence {unknown}
 A - a scroll of brand weapon {unknown}
Potions
 a - a potion of lignification
 e - 2 potions of mutation
 f - a potion of might {unknown}
 i - 3 potions of magic
 k - 4 potions of curing {unknown}
 n - 2 potions of brilliance {unknown}
 s - a potion of attraction {unknown}
 v - a potion of resistance {unknown}
 w - a potion of heal wounds {unknown}


   Skills:
 + Level 3.7 Fighting
 - Level 4.0 Dodging
 + Level 4.7 Unarmed Combat
 + Level 3.4 Invocations
 * Level 5.7 Shapeshifting


You had 7 spell levels left.
You didn't know any spells.
Your spell library was empty.

Dungeon Overview and Level Annotations

Branches:
Dungeon (6/15)
 Temple: D:4-7

Altars:
Nemelex Xobeh

Shops:
D:1 !   D:5 !


Innate Abilities, Weirdness & Mutations

You are a hulking beast.
Your limbs bulge with bestial killing power. (Slay +3)
You cannot wear most types of armour.
You are amphibious.
You can wear up to eight rings at the same time.
Your skin changes colour to match your surroundings (Stealth+).
Your rubbery body absorbs attacks. (AC +1, EV +1)
((You are camouflaged when in or above water. (Stealth+)))
You have tentacles for arms and can constrict up to eight enemies at once.
One of your tentacles bears a spike.
You are vulnerable to cold. (rC-)


Message History

The centaur hits you. The centaur closely misses you.
The kobold brigand throws a poisoned dart.
The poisoned dart completely misses you.
Unknown command.
You bludgeon the centaur!
The centaur is severely wounded.
The centaur misses you. The centaur barely misses you.
The centaur hits you but does no damage.
The centaur kicks you.
* * * LOW HITPOINT WARNING * * *
You bludgeon the centaur!
You kill the centaur!
The kobold brigand hits you with a +0 short sword.
* * * LOW HITPOINT WARNING * * *
You draw a card...
You have drawn the Illusion.
Suddenly you stand beside yourself.
The kobold hits LeprechaunX's illusion with a +0 dagger.
The white imp spits at you.
You completely miss the kobold brigand. You grab the kobold brigand.
You squeeze the kobold brigand.
The kobold brigand is moderately wounded.
You constrict the kobold brigand, but do no damage.
The kobold brigand hits you with a +0 short sword!
* * * LOW HITPOINT WARNING * * *
Unknown command.
It was a potion of mutation.
You feel extremely strange.
You feel vulnerable to cold.
One of your lower tentacles grows a sharp spike.
You constrict the kobold brigand.
LeprechaunX's illusion closely misses the kobold.
The kobold closely misses you. The kobold brigand misses you.
The white imp gestures at you. The puff of frost misses you.
The puff of frost hits the kobold brigand!
It was a potion of magic.
Magic courses through your body.
You constrict the kobold brigand.
LeprechaunX's illusion barely misses the kobold.
The kobold hits you with a +0 short sword.
You die...
Your body disappears without a glow.

....(... .........
...o...###........ .
....[...#.#....# ...
..............#
....###......=....#
..........o........
#....<....#@.#
##....###..KK######.
...........#.5hK......
.......###....######..
............###
.........>#.
..........#.
.#.......... .. ..


You could see a kobold brigand (distracted), an orc wizard, a white imp, 2
kobolds and the friendly LeprechaunX's illusion (summoned).

Vanquished Creatures
  2 phantoms (D:3)
  2 centaurs
  2 scorpions
  The ghost of olddryhag the Ducker, a weakling DsGl (D:3)
  2 hounds
  An orc priest (D:4)
  A jelly (D:4)
  Natasha (thrice) (D:3)
  A sleepcap (D:3)
  An iguana (D:4)
  2 orc wizards (D:4)
  3 gnolls (D:2)
  4 adders
  3 worms
  2 dart slugs
  9 orcs
  4 bats
  7 endoplasms
  4 giant cockroaches
  7 goblins
  4 hobgoblins
  12 kobolds
  A quokka (D:1)
  7 ball pythons
  7 frilled lizards
  7 rats
99 creatures vanquished.

Notes
Turn   | Place    | Note
-------+----------+-------------------------------------------
     0 | D:1      | LeprechaunX the Octopode Shapeshifter began the quest for
                  | the Orb.
     0 | D:1      | Reached XP level 1. HP: 13/13 MP: 1/1
    80 | D:1      | Reached XP level 2. HP: 15/18 MP: 2/2
   168 | D:1      | Found Boput's Distillery.
   665 | D:2      | Found a faded altar of an unknown god.
   667 | D:2      | Reached XP level 3. HP: 23/23 MP: 3/3
   669 | D:2      | Prayed at the altar of an unknown god.
   669 | D:2      | Became a worshipper of Nemelex Xobeh the Trickster
   669 | D:2      | Reached * piety under Nemelex Xobeh
   716 | D:2      | Received a gift from Nemelex Xobeh
  1068 | D:2      | Identified the ring of Fasioheg {Drain Fly rPois MP+9}
  1128 | D:2      | Reached XP level 4. HP: 29/29 MP: 4/4
  1341 | D:2      | Reached ** piety under Nemelex Xobeh
  1492 | D:2      | Reached skill level 1 in Invocations
  1961 | D:3      | Noticed a phantom
  1975 | D:3      | Killed a phantom
  1976 | D:3      | Reached skill level 4 in Shapeshifting
  1976 | D:3      | Reached XP level 5. HP: 7/35 MP: 6/6
  2104 | D:3      | Found a large runed translucent door.
  2105 | D:3      | Found a large runed translucent door.
  2135 | D:3      | Noticed olddryhag's ghost (weakling DsGl)
  2222 | D:3      | Noticed Natasha
  2229 | D:3      | Killed Natasha
  2282 | D:3      | Reached XP level 6. HP: 35/41 MP: 7/7
  2465 | D:3      | Noticed Natasha
  2469 | D:3      | Killed Natasha
  2606 | D:3      | Killed olddryhag's ghost
  2717 | D:3      | Noticed Natasha
  2724 | D:3      | Killed Natasha
  2861 | D:4      | Reached XP level 7. HP: 46/46 MP: 8/8
  3084 | D:4      | Reached skill level 5 in Shapeshifting
  3639 | D:5      | Entered Level 5 of the Dungeon
  3653 | D:5      | Received a gift from Nemelex Xobeh
  3705 | D:5      | Reached *** piety under Nemelex Xobeh
  3940 | D:5      | Received a gift from Nemelex Xobeh
  4207 | D:5      | Reached XP level 8. HP: 53/53 MP: 10/10
  4261 | D:5      | Found Myno's Distillery.
  4308 | D:6      | Gained mutation: You are vulnerable to cold. (rC-) [potion
                  | of mutation]
  4308 | D:6      | Gained mutation: One of your tentacles bears a spike.
                  | [potion of mutation]
  4309 | D:6      | Slain by a kobold

Illustrated notes

Levels and vault maps discovered:
D:1:      ncdulo_wetmaze, layout_loops_ring, serial_shops,
          nicolae_shop_advertising_works [nicolae_subvault_shop_adworks],
          minmay_pentomino_p2
D:2:      layout_basic, nicolae_ecumenical_pavilion
D:3:      layout_rooms, ebering_ghost_disaster_area, minmay_misc_feat_ornament,
          corexii_shack, minmay_quantized, uniq_natasha
D:4:      layout_rooms, minmay_circle_x
D:5:      layout_loops_cross, serial_shops, shop
D:6:      layout_rooms, minmay_temple_entry_slanted, lightli_sewer_entry_pipes

Skill      XL: |  1  2  3  4  5  6  7 |
---------------+----------------------+-----
Fighting       | 2 3 |  3.7
Invocations    | 1 2 3 |  3.4
Dodging        | 3 4 |  4.0
Shapeshifting  | 4 5 |  5.7
Unarmed Combat | 4 |  4.7

Action                     |  1- 3 |  4- 6 |  7- 9 || total
---------------------------+-------+-------+-------++-------
  Melee: Unarmed           |    71 |    80 |    74 ||   225
         Constrict         |    17 |    15 |    19 ||    51
         Tentacles         |    14 |    22 |    14 ||    50
         Punch             |       |       |     5 ||     5
 Invoke: Draw Destruction  |       |     2 |       ||     2
         Draw Summoning    |       |       |     1 ||     1
    Use: Scroll            |       |     1 |       ||     1
         Potion            |       |       |     2 ||     2
   Stab: Sleeping          |     3 |     4 |     2 ||     9
 Armour: Skin              |    23 |    39 |    49 ||   111
  Dodge: Dodged            |    34 |    39 |    44 ||   117

Table legend: (Time is in decaauts)
 A = Elapsed time spent in this place.
 B = Non-inter-level travel time spent in this place.
 C = Inter-level travel time spent in this place.
 D = Time resting spent in this place.
 E = Time spent auto-exploring this place.
 F = Levels seen in this place.
 G = Mean time per level.
                   A        B        C        D        E       F      G
               +--------+--------+--------+--------+--------+-----+--------+
         Total |   4292 |   4144 |    148 |    309 |   3149 |   6 |  715.3 |
       Dungeon |   4292 |   4144 |    148 |    309 |   3149 |   6 |  715.3 |
               +--------+--------+--------+--------+--------+-----+--------+

Top non-repeatable levels by time:
     D:2: 1168 daAuts
     D:3: 1029 daAuts
     D:4: 764 daAuts
     D:1: 662 daAuts
     D:5: 653 daAuts
     D:6: 14 daAuts
